 Dungeon Crawl Stone Soup version 0.29.1-1-gd02db6906a (webtiles) character file.

Game seed: 1042601570415565751

150 Yaboi the Stinger (level 5, -1/35 HPs)
             Began as a Demonspawn Venom Mage on Sept 19, 2022.
             Slain by a bullfrog (7 damage)
             ... on level 6 of the Dungeon.
             The game lasted 00:14:22 (3612 turns).

Yaboi the Stinger (Demonspawn Venom Mage)           Turns: 3612, Time: 00:14:22

Health: -1/35      AC:  6    Str:  9    XL:     5   Next: 10%
Magic:  19/19      EV: 12    Int: 18    God:
Gold:   123        SH:  4    Dex: 13    Spells: 4/10 levels left

rFire   . . .      SeeInvis .   m - +0 mace (drain)
rCold   . . .      Faith    +   g - orb {light}
rNeg    . . .      Spirit   .   a - +0 robe
rPois   .          Reflect  .   (no helmet)
rElec   .          Harm     .   p - +1 cloak
rCorr   .          Rampage  .   (no gloves)
Will    .....                   (no boots)
Stlth   +.........              c - amulet of faith
HPRegen 0.11/turn               k - ring of magical power
MPRegen 0.16/turn               (no ring)

@: glowing
A: hooves 2, molten scales 1, condensation shield
a: no special abilities


You were on level 6 of the Dungeon.
You visited 1 branch of the dungeon, and saw 4 of its levels.

You collected 123 gold pieces.

Inventory:

Hand Weapons
 m - a +0 mace of draining (weapon)
Armour
 a - a +0 robe (worn)
 g - an orb of light (worn)
 p - a +1 cloak (worn)
Jewellery
 c - an amulet of faith (around neck)
 e - a +4 ring of protection
 k - a ring of magical power (left hand)
Scrolls
 f - a scroll of teleportation
 i - a scroll of vulnerability {unknown}
 l - a scroll of identify
Potions
 b - 3 potions of magic
 d - 2 potions of brilliance {unknown}
 h - a potion of lignification {unknown}
 j - a potion of mutation {unknown}
 o - a potion of attraction


   Skills:
 + Level 0.3 Maces & Flails
 + Level 1.9 Dodging
 + Level 1.9 Stealth
 + Level 0.1 Shields
 + Level 3.3 Spellcasting
 + Level 1.8 Transmutations
 + Level 0.1 Air Magic
 + Level 4.2 Poison Magic


You had 4 spell levels left.
You knew the following spells:

 Your Spells              Type           Power      Damage    Failure   Level
a - Sting                 Tmut/Pois      52%        1d5       4%          1
b - Poisonous Vapours     Pois/Air       20%        N/A       10%         2
c - Ignite Poison         Fire/Tmut/Pois 10%        N/A       21%         3

Your spell library contained the following spells:

 Spells                   Type           Power      Damage    Failure   Level
 Mephitic Cloud           Conj/Pois/Air  8%         N/A       26%         3
 Olgreb's Toxic Radiance  Pois           18%        N/A       28%         4
 Petrify                  Tmut/Erth      6%         N/A       71%         4
 Iskenderun's Battlesphe  Conj           3%         2d6       99%         5
 Iron Shot                Conj/Erth      1%         9d1       100%        6
 Starburst                Conj/Fire      1%         6d3       100%        6
 Spellforged Servitor     Conj/Summ      1%         N/A       100%        7


Dungeon Overview and Level Annotations

Branches:
Dungeon (3/15)

Altars:
Fedhas

Shops:
D:1 (

Annotations:
D:3 exclusion: oklob plant


Innate Abilities, Weirdness & Mutations

You have hoof-like feet.
You are partially covered in molten scales. (AC +2)
A meltable shield of frost defends you. (SH +4)


Message History

You kill the gnoll!
You have reached level 5!
Your demonic ancestry asserts itself...
Molten scales grow over part of your body.
The sting hits the gnoll.
The gnoll looks even sicker.
The gnoll is moderately wounded.
The gnoll hits you with a +0 club.
The sting hits the gnoll.
The gnoll looks even sicker.
The gnoll is severely wounded.
The gnoll hits you but does no damage. The gnoll attacks as you move away!
The gnoll hits you with a +0 club.
You see here an adder corpse.
You kill the gnoll!
An orc and a phantom come into view.
The phantom moves out of view.
An orc comes into view. It is wielding a +0 morningstar.
The orc shouts!
The orc hits you but does no damage. The orc attacks as you move away!
The orc hits you but does no damage. The orc attacks as you move away!
The orc completely misses you. The orc attacks as you move away!
The orc hits you with a +0 short sword.
The gnoll sergeant hits you with a +0 trident!
The gnoll sergeant hits you with a +0 trident.
The orc attacks as you move away! The orc barely misses you.
A bullfrog comes into view.
The bullfrog gives a loud, deep croak!
The gnoll sergeant hits you from afar with a +0 trident.
* * * LOW HITPOINT WARNING * * *
The bullfrog hits you.
* * * LOW HITPOINT WARNING * * *
The orc attacks as you move away! The orc barely misses you.
The orc attacks as you move away! The orc hits you but does no damage.
The bullfrog hits you.
* * * LOW HITPOINT WARNING * * *
The bullfrog attacks as you move away! The bullfrog barely misses you.
The bullfrog hits you but does no damage.
You block the bullfrog's attack.
The bullfrog hits you but does no damage.
The bullfrog attacks as you move away! The bullfrog hits you!
You die...

####### ♣
♣♣♣##..g..##
♣.♣.....W...o####
♣......###...g.######
♣♣....g.##..........#
♣♣...g.##..##.####.##
♣♣##o..#..##...g...##
#F..........##....
#@..#..####.##..##
#......####.##..#
..####.##.......#
.... ..##.#g##..#
##.## #.#g#...# #.
#.#.# .... #. #.#.# .
#. #.#.# #.#.#


You could see a phantom, a gnoll sergeant, a bullfrog, a gnoll and an orc.

Vanquished Creatures
  An orc priest (D:3)
  2 gnolls (D:6)
  5 adders
  A worm (D:2)
  2 dart slugs (D:1)
  4 orcs (D:3)
  5 endoplasms
  3 giant cockroaches
  A goblin (D:2)
  3 hobgoblins
  A quokka (D:3)
  11 ball pythons
  2 bats
  A frilled lizard (D:1)
  2 kobolds
  7 rats
51 creatures vanquished.

Vanquished Creatures (others)
  9 fungi (D:3)
  20 plants (D:3)
29 creatures vanquished.

Grand Total: 80 creatures vanquished

Notes
Turn   | Place    | Note
-------+----------+-------------------------------------------
     0 | D:1      | Yaboi the Demonspawn Venom Mage began the quest for the
                  | Orb.
     0 | D:1      | Reached XP level 1. HP: 13/13 MP: 3/3
   317 | D:1      | Gained mutation: A meltable shield of frost defends you.
                  | (SH +4) [demonic ancestry]
   317 | D:1      | Reached XP level 2. HP: 19/19 MP: 0/5
   505 | D:1      | Found Lecir's Antique Weapon Shoppe.
   520 | D:1      | Reached skill level 1 in Transmutations
  1340 | D:2      | Got the Compilation of Dynamic Variation
  1351 | D:2      | Gained mutation: You have large cloven feet. [demonic
                  | ancestry]
  1351 | D:2      | Reached XP level 3. HP: 15/24 MP: 6/6
  1563 | D:2      | Identified a scroll of acquirement
  1567 | D:2      | Acquired an amulet of faith
  2304 | D:2      | Found a faded altar of an unknown god.
  2581 | D:3      | Gained mutation: You have hoof-like feet. [demonic
                  | ancestry]
  2581 | D:3      | Reached XP level 4. HP: 30/30 MP: 8/8
  2616 | D:3      | Learned a level 2 spell: Poisonous Vapours
  2620 | D:3      | Learned a level 3 spell: Ignite Poison
  2977 | D:3      | Found a blossoming altar of Fedhas.
  3031 | D:3      | Noticed an oklob plant
  3112 | D:3      | Reached skill level 4 in Poison Magic
  3451 | D:3      | You fall into a shaft and drop 3 floors!
  3533 | D:6      | Noticed a gnoll sergeant
  3535 | D:6      | Gained mutation: You are partially covered in molten
                  | scales. (AC +2) [demonic ancestry]
  3535 | D:6      | Reached XP level 5. HP: 33/35 MP: 10/10
  3588 | D:6      | Noticed a phantom
  3612 | D:6      | Slain by a bullfrog

Illustrated notes

Levels and vault maps discovered:
D:1:      evilmike_arrival_crescent, layout_basic, serial_shops,
          nicolae_shop_waterfront, minmay_tiny_reverse_x
D:2:      layout_loops_ring, nicolae_ecumenical_lake_church,
          amcnicky_mini_pool_small
D:3:      layout_loops_ring, tgw_fedhas
D:6:      layout_loops_ring, uniq_crazy_yiuf_cottage

Skill      XL: |  1  2  3  4 |
---------------+-------------+-----
Transmutations | 1 |  1.8
Spellcasting   | 3 |  3.3
Poison Magic   | 4 |  4.2
Maces & Flails | |  0.3
Dodging        | |  1.9
Stealth        | |  1.9
Shields        | |  0.1
Air Magic      | |  0.1

Action                   |  1- 3 |  4- 6 || total
-------------------------+-------+-------++-------
Melee: Whip              |    15 |     5 ||    20
       Kick              |     2 |     1 ||     3
       Mace              |       |     1 ||     1
 Cast: Sting             |    49 |    44 ||    93
       Poisonous Vapours |       |     6 ||     6
  Use: Scroll            |    10 |     1 ||    11
Armor: Robe              |     4 |    12 ||    16
Dodge: Dodged            |    16 |    21 ||    37
Block: Orb               |     7 |     8 ||    15
